AA
NEWARK KNIGHTS @ AUBURN VENOM
07/23/2059
 
TOP OF THE 1ST
Newark Knights batting - Pitching for Auburn Venom : RHP E.J. Beebe
Pitching: RHP E.J. Beebe
Batting: SHB Zak Puckett 0-0: Ball
1-0: Ball
2-0: Ball
3-0: Called Strike
3-1: Called Strike
3-2: Ground out 6-3 (Groundball, 6M, EV 86.2 MPH)
Batting: RHB Benjamin Givler 0-0: Ball
1-0: Ball
2-0: Called Strike
2-1: Ball
3-1: Called Strike
3-2: Base on Balls
Batting: RHB Jerry Critchfield 0-0: Foul Ball, location: 2F
0-1: Ball
Benjamin Givler steals 2nd, throwing error, E2
Benjamin Givler to third
1-1: Swinging Strike
1-2: Ball
2-2: Fly out, F8 (Flyball, 8RD, EV 92.5 MPH)
Runner from 3rd tags up, SCORES, throw by CF
Batting: LHB Broderick Council 0-0: Ball
1-0: Foul Ball, location: 2F
1-1: Foul Ball, location: 2F
1-2: Ball
2-2: Strikes out swinging
Top of the 1st over - 1 run, 0 hits, 1 error, 0 left on base; Newark 1 - Auburn 0
BOTTOM OF THE 1ST
Auburn Venom batting - Pitching for Newark Knights : RHP Sean Kilgore
Pitching: RHP Sean Kilgore
Batting: LHB James Fessler 0-0: Foul Ball, location: 2F
0-1: Ball
1-1: Fly out, F9 (Line Drive, 9, EV 89.4 MPH)
Batting: SHB Seth Estee 0-0: Ball
1-0: SINGLE (Line Drive, 89S, EV 99.4 MPH)
Batting: RHB Jaime Herring 0-0: Called Strike
Pickoff Throw to First - Out! 1-3
0-1: Ball
1-1: Ball
2-1: Ball
3-1: Foul Ball, location: 2F
3-2: SINGLE (Line Drive, 56D, EV 95.0 MPH)
Batting: LHB Collin Hamilton 0-0: Called Strike
0-1: Called Strike
0-2: Ball
1-2: Strikes out looking
Bottom of the 1st over - 0 runs, 2 hits, 0 errors, 1 left on base; Newark 1 - Auburn 0
TOP OF THE 2ND
Newark Knights batting - Pitching for Auburn Venom : RHP E.J. Beebe
Batting: RHB Sullivan Hazelwood 0-0: Called Strike
0-1: Called Strike
0-2: Ball
1-2: Strikes out swinging
Batting: LHB Jared Karrigan 0-0: Foul Ball, location: 2F
0-1: Foul Ball, location: 2F
0-2: DOUBLE (Line Drive, 7LS, EV 101.2 MPH)
Batting: RHB Fulton Mhina 0-0: Called Strike
0-1: Ball
1-1: Foul Ball, location: 2F
1-2: Ball
2-2: Ball
3-2: Ground out 5-3 (Groundball, 15, EV 80.6 MPH)
Batting: RHB J.D. Brandon 0-0: Ball
1-0: Ball
2-0: Foul Ball, location: 2F
2-1: Ball
3-1: Foul Ball, location: 2F
3-2: Ground out 5-3 (Groundball, 56, EV 103.1 MPH)
Top of the 2nd over - 0 runs, 1 hit, 0 errors, 1 left on base; Newark 1 - Auburn 0
BOTTOM OF THE 2ND
Auburn Venom batting - Pitching for Newark Knights : RHP Sean Kilgore
Batting: LHB Nate Rowell 0-0: Ball
1-0: Called Strike
1-1: Foul Ball, location: 2F
1-2: Fly out, F8 (Flyball, 78M, EV 98.1 MPH)
Batting: LHB Joel Bell 0-0: Called Strike
0-1: Fly out, F7 (Line Drive, 78M, EV 95.6 MPH)
Batting: LHB Isaac Pierce 0-0: Ball
1-0: Called Strike
1-1: Swinging Strike
1-2: Ball
2-2: Strikes out swinging
Bottom of the 2nd over - 0 runs, 0 hits, 0 errors, 0 left on base; Newark 1 - Auburn 0
TOP OF THE 3RD
Newark Knights batting - Pitching for Auburn Venom : RHP E.J. Beebe
Batting: RHB Kaleb Holle 0-0: Called Strike
0-1: Ball
1-1: Ball
2-1: Fly out, F9 (Flyball, 9S, EV 80.6 MPH)
Batting: SHB Zak Puckett 0-0: Swinging Strike
0-1: DOUBLE (Line Drive, 3D, EV 97.5 MPH)
Batting: RHB Benjamin Givler 0-0: Ground out 6-3 (Groundball, 6, EV 88.8 MPH)
Zak Puckett to third
Batting: RHB Jerry Critchfield 0-0: Ball
1-0: Ball
2-0: Swinging Strike
2-1: Ground out 5-3 (Groundball, 56S, EV 70.0 MPH)
Top of the 3rd over - 0 runs, 1 hit, 0 errors, 1 left on base; Newark 1 - Auburn 0
BOTTOM OF THE 3RD
Auburn Venom batting - Pitching for Newark Knights : RHP Sean Kilgore
Batting: LHB Da-Jon Akii-Bua 0-0: Foul Ball, location: 2F
0-1: Ball
1-1: Ball
2-1: Fly out, F9 (Flyball, 89S, EV 85.0 MPH)
Batting: LHB Kenny Hillestad 0-0: Ball
1-0: Ball
2-0: Ball
3-0: Called Strike
3-1: Base on Balls
Batting: LHB James Fessler 0-0: Called Strike
0-1: Ball
1-1: Called Strike
1-2: Ball
2-2: Ball
3-2: Strikes out looking
Batting: SHB Seth Estee 0-0: Ball
1-0: Ball
2-0: Foul Ball, location: 2F
2-1: Called Strike
2-2: Fly out, F1 (Line Drive, P, EV 75.6 MPH)
Bottom of the 3rd over - 0 runs, 0 hits, 0 errors, 1 left on base; Newark 1 - Auburn 0
TOP OF THE 4TH
Newark Knights batting - Pitching for Auburn Venom : RHP E.J. Beebe
Batting: LHB Broderick Council 0-0: Called Strike
0-1: Ball
1-1: Ball
2-1: Ball
3-1: Foul Ball, location: 2F
3-2: Foul Ball, location: 2F
3-2: SINGLE (Groundball, 34D, EV 100.0 MPH)
Batting: RHB Sullivan Hazelwood 0-0: Grounds into double play, 5-4-3 (Groundball, 5, EV 81.9 MPH)
Batting: LHB Jared Karrigan 0-0: Ground out 4-3 (Groundball, 4MD, EV 108.1 MPH)
Top of the 4th over - 0 runs, 1 hit, 0 errors, 0 left on base; Newark 1 - Auburn 0
BOTTOM OF THE 4TH
Auburn Venom batting - Pitching for Newark Knights : RHP Sean Kilgore
Batting: RHB Jaime Herring 0-0: Foul Ball, location: 2F
0-1: Called Strike
0-2: Ball
1-2: Strikes out swinging
Batting: LHB Collin Hamilton 0-0: Called Strike
0-1: Swinging Strike
0-2: Strikes out looking
Batting: LHB Nate Rowell 0-0: Called Strike
0-1: Foul Ball, location: 2F
0-2: Foul Ball, location: 2F
0-2: Ball
1-2: Foul Ball, location: 2F
1-2: DOUBLE (Flyball, 89D, EV 96.9 MPH)
Batting: LHB Joel Bell 0-0: Ball
1-0: SINGLE (Groundball, 4MD, EV 98.8 MPH)
Nate Rowell to third
Throwing error, E8
Nate Rowell scores
Joel Bell to second
Batting: LHB Isaac Pierce 0-0: Ball
1-0: Called Strike
1-1: Ground out 6-3 (Groundball, 6, EV 77.5 MPH)
Bottom of the 4th over - 1 run, 2 hits, 1 error, 1 left on base; Newark 1 - Auburn 1
TOP OF THE 5TH
Newark Knights batting - Pitching for Auburn Venom : RHP E.J. Beebe
Batting: RHB Fulton Mhina 0-0: Ball
1-0: Ball
2-0: Foul Ball, location: 2F
2-1: Called Strike
2-2: SINGLE (Groundball, 3D, EV 100.6 MPH)
Batting: RHB J.D. Brandon 0-0: Called Strike
0-1: Swinging Strike
0-2: Ball
1-2: Foul Ball, location: 2F
1-2: Strikes out looking
Batting: RHB Kaleb Holle 0-0: Ball
1-0: Called Strike
1-1: Called Strike
1-2: Ball
2-2: Foul Ball, location: 2F
2-2: Fly out, F7 (Line Drive, 78D, EV 90.6 MPH)
Batting: SHB Zak Puckett 0-0: Ball
1-0: Ball
2-0: Swinging Strike
2-1: Foul Ball, location: 2F
2-2: Ball
3-2: Foul Ball, location: 2F
3-2: Foul Ball, location: 2F
3-2: Ground out U3 (Groundball, 3, EV 102.5 MPH)
Top of the 5th over - 0 runs, 1 hit, 0 errors, 1 left on base; Newark 1 - Auburn 1
BOTTOM OF THE 5TH
Auburn Venom batting - Pitching for Newark Knights : RHP Sean Kilgore
Batting: LHB Da-Jon Akii-Bua 0-0: Ball
1-0: Ground out 4-3 (Groundball, 4, EV 105.6 MPH)
Batting: LHB Kenny Hillestad 0-0: Ball
1-0: Called Strike
1-1: Ball
2-1: Called Strike
2-2: Strikes out looking
Batting: LHB James Fessler 0-0: Called Strike
0-1: Ball
1-1: Ball
2-1: Ground out U3 (Groundball, 34S, EV 87.5 MPH)
Bottom of the 5th over - 0 runs, 0 hits, 0 errors, 0 left on base; Newark 1 - Auburn 1
TOP OF THE 6TH
Newark Knights batting - Pitching for Auburn Venom : RHP E.J. Beebe
Batting: RHB Benjamin Givler 0-0: Called Strike
0-1: Swinging Strike
0-2: Strikes out swinging, 2-3 out at first.
Batting: RHB Jerry Critchfield 0-0: Called Strike
0-1: Ball
1-1: Ball
2-1: Ball
3-1: Foul Ball, location: 2F
3-2: SINGLE (Flyball, 56D, EV 85.6 MPH)
Pitching: RHP Alvin Maynard
Batting: LHB Broderick Council 0-0: Ball
1-0: Swinging Strike
1-1: Ball
2-1: Ball
3-1: Base on Balls
Jerry Critchfield to second
Batting: RHB Sullivan Hazelwood 0-0: Ball
1-0: Swinging Strike
1-1: Foul Ball, location: 2F
1-2: Foul Ball, location: 2F
1-2: Strikes out swinging
Batting: LHB Jared Karrigan 0-0: Called Strike
0-1: Foul Ball, location: 2F
0-2: Ground out 4-3 (Groundball, 4, EV 103.1 MPH)
Top of the 6th over - 0 runs, 1 hit, 0 errors, 2 left on base; Newark 1 - Auburn 1
BOTTOM OF THE 6TH
Auburn Venom batting - Pitching for Newark Knights : RHP Sean Kilgore
Batting: SHB Seth Estee 0-0: Foul Ball, location: 2F
0-1: DOUBLE (Line Drive, 78XD, EV 106.2 MPH)
Batting: RHB Jaime Herring 0-0: Ball
1-0: Foul Ball, location: 2F
1-1: Ball
2-1: Ball
3-1: Swinging Strike
3-2: Strikes out looking
Batting: LHB Collin Hamilton 0-0: Ball
1-0: Called Strike
1-1: Foul Ball, location: 2F
1-2: Foul Ball, location: 2F
1-2: Ball
2-2: Ball
3-2: Foul Ball, location: 2F
3-2: Foul Ball, location: 2F
3-2: DOUBLE (Line Drive, 78XD, EV 102.5 MPH)
Seth Estee scores
Batting: LHB Nate Rowell 0-0: Ball
1-0: Ball
2-0: Foul Ball, location: 2F
2-1: Foul Ball, location: 2F
2-2: Ball
3-2: 2-RUN HOME RUN (Flyball, 9LD, EV 91.9 MPH), Distance : 347 ft
Batting: LHB Joel Bell 0-0: Called Strike
0-1: Foul Ball, location: 2F
0-2: Ball
1-2: Ball
2-2: Foul Ball, location: 2F
2-2: Strikes out swinging
Batting: LHB Isaac Pierce 0-0: Ball
1-0: Ball
2-0: Ball
3-0: Base on Balls
Pitching: RHP Dillon Thompson
Batting: LHB Da-Jon Akii-Bua 0-0: Swinging Strike
0-1: Ball
1-1: Foul Ball, location: 2F
1-2: Foul Ball, location: 2F
1-2: Foul Ball, location: 2F
1-2: Strikes out swinging
Bottom of the 6th over - 3 runs, 3 hits, 0 errors, 1 left on base; Newark 1 - Auburn 4
TOP OF THE 7TH
Newark Knights batting - Pitching for Auburn Venom : RHP Alvin Maynard
Batting: RHB Fulton Mhina 0-0: Fly out, F8 (Line Drive, 8LM, EV 90.6 MPH)
Batting: RHB J.D. Brandon 0-0: Ball
1-0: Ball
2-0: Ball
3-0: Called Strike
3-1: Fly out, F9 (Flyball, 9, EV 88.1 MPH)
Batting: RHB Kaleb Holle 0-0: Ball
1-0: Called Strike
1-1: Swinging Strike
1-2: Strikes out swinging
Top of the 7th over - 0 runs, 0 hits, 0 errors, 0 left on base; Newark 1 - Auburn 4
BOTTOM OF THE 7TH
Auburn Venom batting - Pitching for Newark Knights : RHP Dillon Thompson
Batting: LHB Kenny Hillestad 0-0: Ball
1-0: Foul Ball, location: 2F
1-1: Foul Ball, location: 2F
1-2: Strikes out swinging
Batting: LHB James Fessler 0-0: Called Strike
0-1: Ball
1-1: Ground out 3-1 (Groundball, 34, EV 96.9 MPH)
Batting: SHB Seth Estee 0-0: Swinging Strike
0-1: Ball
1-1: Ball
2-1: Swinging Strike
2-2: Strikes out swinging
Bottom of the 7th over - 0 runs, 0 hits, 0 errors, 0 left on base; Newark 1 - Auburn 4
TOP OF THE 8TH
Newark Knights batting - Pitching for Auburn Venom : RHP Alvin Maynard
Batting: SHB Zak Puckett 0-0: Foul Ball, location: 2F
0-1: Ground out 1-3 (Groundball, 13S, EV 68.8 MPH)
Batting: RHB Benjamin Givler 0-0: Ball
1-0: Called Strike
1-1: Called Strike
1-2: Ball
2-2: Ball
3-2: Base on Balls
Batting: RHB Jerry Critchfield 0-0: Called Strike
0-1: SINGLE (Line Drive, 89S, EV 95.6 MPH)
Benjamin Givler to second
Runner from 2nd tries for 3rd, OUT! 9-5
Pitching: LHP Evan Hale
Batting: LHB Broderick Council 0-0: Ball
1-0: Fly out, F5 (Popup, 56S, EV 79.4 MPH)
Top of the 8th over - 0 runs, 1 hit, 0 errors, 1 left on base; Newark 1 - Auburn 4
BOTTOM OF THE 8TH
Auburn Venom batting - Pitching for Newark Knights : RHP Dillon Thompson
Batting: RHB Jaime Herring 0-0: SINGLE (Groundball, 4D, EV 106.9 MPH)
Batting: LHB Collin Hamilton 0-0: Ball
1-0: Called Strike
1-1: Ball
2-1: 2-RUN HOME RUN (Flyball, 9D, EV 103.1 MPH), Distance : 388 ft
Batting: LHB Nate Rowell 0-0: Called Strike
0-1: Swinging Strike
0-2: Ball
1-2: Ball
2-2: Ball
3-2: Strikes out swinging
Batting: LHB Joel Bell 0-0: Ball
1-0: Called Strike
1-1: Ball
2-1: Foul Ball, location: 2F
2-2: SINGLE (Groundball, 4D, EV 96.2 MPH)
Batting: LHB Isaac Pierce 0-0: Called Strike
0-1: Ball
1-1: Ball
2-1: Ball
3-1: Base on Balls
Joel Bell to second
Batting: LHB Da-Jon Akii-Bua 0-0: Called Strike
0-1: Called Strike
0-2: Strikes out swinging
Batting: LHB Kenny Hillestad 0-0: Ball
Wild Pitch!
Joel Bell to third
Isaac Pierce to second
1-0: Ball
2-0: Fly out, F8 (Flyball, 8LM, EV 89.4 MPH)
Bottom of the 8th over - 2 runs, 3 hits, 0 errors, 2 left on base; Newark 1 - Auburn 6
TOP OF THE 9TH
Newark Knights batting - Pitching for Auburn Venom : LHP Evan Hale
Batting: RHB Sullivan Hazelwood 0-0: Called Strike
0-1: Ball
1-1: DOUBLE (Line Drive, 89D, EV 105.6 MPH)
Batting: LHB Jared Karrigan 0-0: Called Strike
0-1: Ball
1-1: Fly out, F7 (Flyball, 7LM, EV 81.2 MPH)
Batting: RHB Fulton Mhina 0-0: Ball
1-0: Called Strike
1-1: Fly out, F3 (Popup, 3SF, EV 83.1 MPH)
Batting: RHB J.D. Brandon 0-0: Ball
1-0: Fly out, F9 (Flyball, 9S, EV 73.8 MPH)
Top of the 9th over - 0 runs, 1 hit, 0 errors, 1 left on base; Newark 1 - Auburn 6
Sunday, March 17th , 2024 - OOTP Baseball 23.10 Build 110